 Dungeon Sprint DCSS version 0.31.0-12-g77e489cdc1 (webtiles) character file.

Game seed: 3866074504459306176

206 Minsecho the Blocker (level 8, -3/71 HPs)
             Began as a Formicid Fighter on Feb 17, 2024.
             Was a Believer of Okawaru.
             Slain by an eight-headed hydra (8 damage)
             ... in the Dungeon (Sprint VI: "Thunderdome").
             The game lasted 00:10:07 (683 turns).

Minsecho the Blocker (Formicid Fighter)              Turns: 683, Time: 00:10:08

Health: -3/71      AC: 12    Str: 24    XL:     8   Next: 37%
Magic:  17/17      EV: 11    Int:  9    God:    Okawaru [**....]
Gold:   78         SH: 13    Dex: 19    Spells: 7/7 levels left

rFire   . . .        a - +0 war axe
rCold   . . .        j - +0 kite shield
rNeg    . . .        b - +0 scale mail
rPois   +            (helmet unavailable)
rElec   .            o - +2 cloak "Cexkeask" {rPois Int+2}
rCorr   .            (no gloves)
SInv    +            (no boots)
Will    .....        n - amulet of the Failed Coup {Acrobat -Cast Dex+4 SInv}
Stlth   +            e - ring "Lelyfy" {MP+9 Dex+2}
HPRegen 0.31/turn    (no ring)
MPRegen 0.15/turn

%: no spellcasting, acrobat
@: no status effects
A: permanent stasis, dig shafts and tunnels, antennae 3, four strong arms
a: Dig, Renounce Religion, Heroism


You were in the Dungeon.
You worshipped Okawaru.
Okawaru was pleased with you.
You visited 1 branch You collected 500 gold pieces.
You spent 422 gold pieces at shops.

Inventory:

Hand Weapons
 a - a +0 war axe (weapon)
Armour
 b - a +0 scale mail (worn)
 c - a +0 buckler
 j - a +0 kite shield (worn)
 o - the +2 cloak "Cexkeask" (worn) {rPois Int+2}
   (You bought it in a shop in the Dungeon)

   Int+2:     It affects your intelligence (+2).
   rPois:     It protects you from poison
Jewellery
 e - the ring "Lelyfy" (left hand) {MP+9 Dex+2}
   (You bought it in a shop in the Dungeon)

   [ring of magical power]

   Dex+2:     It affects your dexterity (+2).
   MP+9:      It affects your magic capacity (+9).
 n - the amulet of the Failed Coup (around neck) {Acrobat -Cast Dex+4 SInv}
   (You bought it in a shop in the Dungeon)

   [amulet of the acrobat]

   Acrobat:   It increases your evasion while moving and waiting.
   Dex+4:     It affects your dexterity (+4).
   SInv:      It lets you see invisible.
   -Cast:     It prevents spellcasting.
Scrolls
 l - 3 scrolls of fog
 m - 3 scrolls of blinking {unknown}
Potions
 d - a potion of might
 g - 2 potions of magic
 h - a potion of resistance
 k - 3 potions of haste {unknown}


   Skills:
 + Level 9.6 Fighting
 + Level 9.0 Axes
 + Level 9.8 Armour
 + Level 3.6 Dodging
 + Level 1.1 Stealth
 + Level 11.1 Shields
 + Level 0.7 Invocations
 + Level 2.2 Evocations


You had 7 spell levels left.
You didn't know any spells.
Your spell library was empty.

Dungeon Overview and Level Annotations

Branches:
Dungeon (1/1)

Altars:
Cheibriados
Dithmenos
Fedhas
Gozag
Kikubaaqudgha
Makhleb
Okawaru
Qazlal
Ru
Sif Muna
Trog
Uskayaw
Vehumet
Wu Jian
Xom
Yredelemnul
Zin
The Shining One
Lugonu

Shops:
D *[=??*?*:[((!!!!


Innate Abilities, Weirdness & Mutations

You cannot be hasted, slowed, berserked, paralysed or teleported.
You can dig through walls and to a lower floor.
You have a pair of large antennae on your head. (SInv)
Your four strong arms can wield two-handed weapons with a shield.


Message History

The six-headed hydra closely misses you.
The six-headed hydra misses you. The six-headed hydra bites you.
You block the six-headed hydra's attack.
The six-headed hydra bites you.
Unknown command.
You slice one of the six-headed hydra's heads off!
The five-headed hydra grows two more!
You slash the seven-headed hydra!
The seven-headed hydra is severely wounded.
You hit the witch but do no damage.
The seven-headed hydra closely misses you.
The seven-headed hydra bites you but does no damage.
The seven-headed hydra closely misses you.
The seven-headed hydra bites you. x2
The seven-headed hydra bites you but does no damage.
You block the seven-headed hydra's attack.
Unknown command.
Unknown command.
You hack one of the seven-headed hydra's heads off!
The six-headed hydra grows two more!
You hit the eight-headed hydra.
The eight-headed hydra is heavily wounded.
You hit the witch.
The eight-headed hydra bites you but does no damage.
You block the eight-headed hydra's attack.
The eight-headed hydra misses you.
You block the eight-headed hydra's attack.
The eight-headed hydra bites you!
* * * LOW HITPOINT WARNING * * *
You block the eight-headed hydra's attack.
The eight-headed hydra closely misses you.
The eight-headed hydra bites you.
* * * LOW HITPOINT WARNING * * *
Unknown command.
You completely miss the eight-headed hydra.
The eight-headed hydra is heavily wounded.
You closely miss the witch. The eight-headed hydra bites you.
* * * LOW HITPOINT WARNING * * *
The eight-headed hydra bites you.
* * * LOW HITPOINT WARNING * * *
The eight-headed hydra bites you!
You die...

#⌠..........
######.8.........
##∩___......###...
###∩........8.# #.8.
##.............###...
#§......†...###...###
#⌠..........# #.<.# #
#⌠.D........###).)###
##..@.........[###...
###∩........8[# #.8.
##p___.....[###...
######.8.........
#⌠..........
###.........
#_......._ #_......._
#_........


You could see an eight-headed hydra and a witch (invisible, confused).

Vanquished Creatures
  A queen bee (D)
  3 gnoll sergeants (D)
  3 necrophages (D)
  A scorpion (D)
  A wight (D)
  5 killer bees (D)
  A hound (D)
  A gnoll bouda (D)
  A gnoll (D)
  An adder skeleton (D)
  A bat skeleton (D)
  A giant cockroach (D)
20 creatures vanquished.

Notes
Turn   | Place    | Note
-------+----------+-------------------------------------------
     0 | D        | Minsecho the Formicid Fighter began the quest for the Orb.
     0 | D        | Reached XP level 1. HP: 18/18 MP: 1/1
     0 | D        | Found a shimmering blue altar of Sif Muna.
     0 | D        | Found a glowing golden altar of the Shining One.
     4 | D        | Found a stormy altar of Qazlal.
     4 | D        | Found a blossoming altar of Fedhas.
     5 | D        | Found a sacrificial altar of Ru.
     5 | D        | Found a burning altar of Makhleb.
     5 | D        | Round 1.
     6 | D        | Found Aheggis's Timeless Talismans.
     6 | D        | Found a radiant altar of Vehumet.
     6 | D        | Found a hide-covered altar of Uskayaw.
     6 | D        | Found Hethomo's Identification Station.
     8 | D        | Found Yphedy's Magic Scroll Shop.
     9 | D        | Found a bloodstained altar of Trog.
     9 | D        | Found a snail-covered altar of Cheibriados.
     9 | D        | Found Xojusit's Staff Store.
     9 | D        | Found Licveqiq's Magic Scroll Shop.
     9 | D        | Found Xafaun's Must-Have Magic.
    11 | D        | Noticed a scorpion
    15 | D        | Found an opulent altar of Gozag.
    17 | D        | Found a shadowy altar of Dithmenos.
    18 | D        | Found Vieqiyly's Distillery.
    19 | D        | Found Tujyica's Distillery.
    19 | D        | Found Bontovvusk's Bottled Wisdom.
    20 | D        | Found an iron altar of Okawaru.
    20 | D        | Found an ancient bone altar of Kikubaaqudgha.
    20 | D        | Found Gicle's Do-It-Yourself Clinic.
    24 | D        | Found a corrupted altar of Lugonu.
    28 | D        | Became a worshipper of Warmaster Okawaru
    33 | D        | Killed a scorpion
    34 | D        | Reached skill level 5 in Fighting
    34 | D        | Reached skill level 5 in Armour
    34 | D        | Reached skill level 6 in Shields
    34 | D        | Reached XP level 2. HP: 16/27 MP: 2/2
    34 | D        | Reached XP level 3. HP: 20/33 MP: 3/3
    34 | D        | Reached XP level 4. HP: 23/39 MP: 4/4
   137 | D        | Arena points: 3 (+3) [x1]
   141 | D        | Found Plog's Jewellery.
   141 | D        | Found Ulilufal's Advanced Armour.
   152 | D        | Round 2.
   163 | D        | Found a basalt altar of Yredelemnul.
   164 | D        | Found a glowing silver altar of Zin.
   165 | D        | Found a shimmering altar of Xom.
   165 | D        | Found Erphaxiu's Premium Goods.
   167 | D        | Found Wyun's Miscellaneous Merchandise.
   167 | D        | Found Roasiaq's Basic Armour.
   168 | D        | Found an ornate altar of the Wu Jian Council.
   168 | D        | Found Kuomny's Weapon Rack.
   180 | D        | Noticed a necrophage
   187 | D        | Killed a necrophage
   188 | D        | Reached skill level 7 in Shields
   188 | D        | Reached XP level 5. HP: 43/47 MP: 5/5
   215 | D        | Bought a fine ivory ring for 45 gold pieces
   215 | D        | Identified the ring "Lelyfy" {MP+9 Dex+2} (You bought it in
                  | a shop in the Dungeon)
   215 | D        | Bought a glittering steel amulet for 45 gold pieces
   215 | D        | Identified the amulet of the Failed Coup {Acrobat -Cast
                  | Dex+4 SInv} (You bought it in a shop in the Dungeon)
   296 | D        | Reached * piety under Okawaru
   297 | D        | Reached skill level 1 in Dodging
   297 | D        | Reached skill level 8 in Shields
   297 | D        | Reached XP level 6. HP: 28/56 MP: 6/6
   299 | D        | Reached skill level 1 in Stealth
   302 | D        | Arena points: 31 (+28) [x2]
   303 | D        | Reached skill level 5 in Axes
   303 | D        | Reached skill level 9 in Shields
   326 | D        | Round 3.
   356 | D        | Reached XP level 7. HP: 13/63 MP: 7/7
   422 | D        | Reached skill level 10 in Shields
   424 | D        | HP: 3/63 [gnoll sergeant/+1 trident of venom (7)]
   426 | D        | Reached ** piety under Okawaru
   426 | D        | Arena points: 94 (+63) [x3]
   476 | D        | Round 4.
   488 | D        | Reached skill level 1 in Evocations
   567 | D        | Reached XP level 8. HP: 61/71 MP: 8/8
   572 | D        | Noticed a queen bee
   588 | D        | Killed a queen bee
   589 | D        | Reached skill level 11 in Shields
   597 | D        | Arena points: 206 (+112) [x4]
   605 | D        | Bought a heavily runed cloak for 332 gold pieces
   605 | D        | Identified the +2 cloak "Cexkeask" {rPois Int+2} (You
                  | bought it in a shop in the Dungeon)
   655 | D        | Round 5.
   655 | D        | Noticed a witch
   675 | D        | Noticed a five-headed hydra
   683 | D        | Slain by an eight-headed hydra

Illustrated notes

Levels and vault maps discovered:
D:        arena_sprint

Skill      XL: |  1  2  3  4  5  6  7  8 |
---------------+-------------------------+-----
Fighting       | 5 6 7 8 9 |  9.6
Armour         | 5 6 7 8 9 |  9.8
Shields        | 6 7 8 9 10 11 | 11.1
Axes           | 3 4 6 8 9 |  9.0
Dodging        | 1 2 3 |  3.6
Stealth        | 1 |  1.1
Evocations     | 1 2 |  2.2
Invocations    | |  0.7

Action                     |  1- 3 |  4- 6 |  7- 9 || total
---------------------------+-------+-------+-------++-------
  Melee: War axe           |     3 |    28 |    68 ||    99
 Invoke: Heroism           |       |     1 |     2 ||     3
  Evoke: Wand              |     1 |       |     9 ||    10
    Use: Potion            |     1 |     1 |     3 ||     5
   Stab: Confused          |       |       |     3 ||     3
 Armour: Scale mail        |     7 |    19 |    41 ||    67
  Dodge: Dodged            |     2 |     9 |    36 ||    47
  Block: Buckler           |     1 |    14 |       ||    15
         Kite shield       |       |       |    67 ||    67
